 Dungeon Crawl Stone Soup version 0.20.0-15-g7f486f2 (webtiles) character file.

147 StormFighter the Chiller (level 5, -10/28 HPs)
             Began as a Deep Elf Ice Elementalist on June 17, 2017.
             Mangled by an ogre
             ... wielding a +0 giant club
              (26 damage)
             ... on level 4 of the Dungeon.
             The game lasted 00:07:03 (3014 turns).

StormFighter the Chiller (DEIE)                     Turns: 3014, Time: 00:07:04

Health: -10/28     AC: 10    Str:  5    XL:     5   Next: 8%
Magic:  5/11       EV: 13    Int: 21    God:
Gold:   154        SH:  0    Dex: 15    Spells: 4/10 levels left

rFire    . . .     SeeInvis .   h - +1 dagger (venom)
rCold    . . .     Gourm    .   (no shield)
rNeg     . . .     Faith    .   a - +0 robe
rPois    .         Spirit   .   (no helmet)
rElec    .         Reflect  .   i - +0 cloak
rCorr    .         Harm     .   (no gloves)
MR       .....                  y - +0 pair of boots
Stlth    ++........             (no amulet)
Regen    0.1/turn               (no ring)
MPRegen  0.2/turn               (no ring)

@: icy armour, slow
A: no striking features
a: no special abilities


You were on level 4 of the Dungeon.
You were not hungry.

You visited 1 branch of the dungeon, and saw 4 of its levels.

You collected 154 gold pieces.

Inventory:

Hand Weapons
 e - a +0 dagger
 h - a +1 dagger of venom (weapon)
 o - a +2 quarterstaff of chaos
Armour
 a - a +0 robe (worn)
 i - a +0 cloak (worn)
 q - a +0 hat
 y - a +0 pair of boots (worn)
Jewellery
 l - a cursed -3 ring of evasion {unknown}
Wands
 A - a wand of lightning (12/15)
Scrolls
 d - 3 scrolls of remove curse {unknown}
 f - 3 scrolls of identify {unknown}
 g - a scroll of immolation {unknown}
 j - a scroll of fear {unknown}
 m - 4 scrolls of teleportation {unknown}
 v - 3 scrolls of enchant armour {unknown}
 C - a scroll of noise {unknown}
Potions
 n - a potion of lignification {unknown}
 p - a potion of ambrosia {unknown}
 r - a potion of berserk rage {unknown}
 s - a potion of degeneration {unknown}
 u - a potion of might {unknown}
 w - a potion of flight {unknown}
 x - a potion of haste {unknown}
 z - a potion of heal wounds
 B - 2 potions of invisibility {unknown}
Books
 b - a book of Frost

   Spells                             Type                      Level
   a - Freeze                         Ice                          1
   b - Throw Frost                    Conjuration/Ice              2
   c - Ozocubu's Armour               Charms/Ice                   3
   d - Throw Icicle                   Conjuration/Ice              4
   e - Summon Ice Beast               Ice/Summoning                4
Comestibles
 c - a bread ration
 k - 3 meat rations
 t - a royal jelly
 D - a chunk of flesh


   Skills:
 - Level 2.4 Dodging
 - Level 2.4 Stealth
 - Level 3.0 Spellcasting
 * Level 1.3 Conjurations
 + Level 6.3 Ice Magic


You had 4 spell levels left.
You knew the following spells:

 Your Spells              Type           Power        Failure   Level  Hunger
a - Freeze                Ice            ####         1%          1    None
b - Throw Frost           Conj/Ice       ###...       4%          2    ##.....
c - Ozocubu's Armour      Chrm/Ice       ###.....     11%         3    ###....


Dungeon Overview and Level Annotations

Branches:
Dungeon (4/15)
 Temple: D:4-7

Altars:
Gozag
The Shining One


Message History

The puff of frost hits the ogre.
The ogre is heavily wounded.
Casting: Throw Frost
Confirm with . or Enter, or press ? or * to list all spells.
Aiming: Freeze
Press: ? - help, Shift-Dir - straight line, f/p - ogre
Aim: an ogre, wielding a giant club (heavily wounded)
You freeze the ogre.
The ogre is severely wounded.
The ogre hits you with a giant club!
Casting: Freeze
Confirm with . or Enter, or press ? or * to list all spells.
Aiming: Freeze
Press: ? - help, Shift-Dir - straight line, f/p - ogre
Aim: an ogre, wielding a giant club (severely wounded)
You freeze the ogre.
The ogre is almost dead.
The ogre hits you with a giant club!!
Ouch! That really hurt!
You die...

..... ..# ##...##
#.# ..... #.#
#...########.#
........ ...#
#.......###.#
####..# #[.....
####.....# #####.#
#.@..###.########.#
#O##..............#
#. #.........######
#. #..#####..# #.
#..# #..# #. #..#
#..# #. #..# #..#
#. #..# #... ....#


You could see an ogre.

Vanquished Creatures
  Crazy Yiuf (D:2)
  Terence (D:2)
  4 adders
  4 dart slugs
  4 leopard geckos
  5 goblins
  5 hobgoblins
  A quokka (D:3)
  5 bats
  5 frilled lizards
  8 kobolds
  7 rats
50 creatures vanquished.

Notes
Turn   | Place    | Note
-------+----------+-------------------------------------------
     0 | D:1      | StormFighter the Deep Elf Ice Elementalist began the quest for the Orb.
     0 | D:1      | Reached XP level 1. HP: 10/10 MP: 6/6
   108 | D:1      | Reached XP level 2. HP: 7/15 MP: 4/8
   143 | D:1      | Reached skill level 4 in Ice Magic
   680 | D:1      | Reached XP level 3. HP: 19/19 MP: 9/9
   806 | D:1      | Learned a level 2 spell: Throw Frost
   810 | D:1      | Learned a level 3 spell: Ozocubu's Armour
   986 | D:2      | Found a runed door.
  1018 | D:2      | Noticed Crazy Yiuf
  1026 | D:2      | Killed Crazy Yiuf
  1026 | D:2      | Reached skill level 5 in Ice Magic
  1146 | D:2      | Reached XP level 4. HP: 24/24 MP: 7/10
  1204 | D:2      | Noticed Terence
  1209 | D:2      | Killed Terence
  1639 | D:2      | Reached skill level 6 in Ice Magic
  2423 | D:3      | Found an opulent altar of Gozag.
  2656 | D:3      | Found a glowing golden altar of the Shining One.
  2834 | D:4      | Reached XP level 5. HP: 28/28 MP: 6/11
  2930 | D:4      | Noticed an ogre
  3014 | D:4      | Mangled by an ogre

Skill      XL: |  1  2  3  4 |
---------------+-------------+-----
Ice Magic      | 4 5 6 |  6.3
Dodging        | |  2.4
Stealth        | |  2.4
Spellcasting   | |  3.0
Conjurations   | |  1.3

Action                   |  1- 3 |  4- 6 || total
-------------------------+-------+-------++-------
Melee: Dagger            |    11 |     4 ||    15
 Cast: Freeze            |    35 |    12 ||    47
       Ozocubu's Armour  |     1 |     2 ||     3
       Throw Frost       |       |    22 ||    22
  Use: Potion            |       |     1 ||     1
 Stab: Sleeping          |     7 |     3 ||    10
  Eat: Chunk             |       |     7 ||     7
Armor: Robe              |     5 |     2 ||     7
Dodge: Dodged            |    27 |     5 ||    32
